 Dungeon Crawl Stone Soup version 0.32-a0-818-gb728d0252e (webtiles) character file.

Game seed: 2366319680669765981

14455 dolemite99 the Severer (level 11, -12/150 HPs)
             Began as a Mountain Dwarf Fighter on Mar 23, 2024.
             Was an Initiate of Gozag.
             Mangled by a cane toad (13 damage)
             ... on level 2 of the Lair of Beasts.
             The game lasted 00:16:53 (19727 turns).

dolemite99 the Severer (Mountain Dwarf Fighter)    Turns: 19727, Time: 00:16:54

Health: -12/150    AC: 25    Str: 24    XL:     11   Next: 88%
Magic:  11/11      EV:  7    Int:  8    God:    Gozag
Gold:   1848       SH:  4    Dex:  9    Spells: 9/10 levels left

rFire   . . .        b - +1 demon whip (venom)
rCold   . . .        c - +0 buckler
rNeg    . . .        r - +3 chain mail
rPois   .            (no helmet)
rElec   .            B - +0 cloak {Will+}
rCorr   .            J - +2 pair of gloves
SInv    +            k - +1 pair of boots
Will    ++...        (no amulet) Stlth
                     t - +4 ring of protection
HPRegen 0.45/turn    G - ring of see invisible
MPRegen 0.12/turn

%: no passive effects
@: mighty, berserking, lethally poisoned (-12 -> -19), gold aura, very quick
A: runic magic, artefact enchanting
a: Renounce Religion, Potion Petition, Call Merchant, Bribe Branch


You were on level 2 of the Lair of Beasts.
You worshipped Gozag.
Gozag was most pleased with you.
You visited 2 branches of the dungeon, and saw 12 of its levels.

You collected 2548 gold pieces.
You paid 700 gold pieces to Gozag.

Inventory:

Hand Weapons
 a - a +0 war axe
 b - a +1 demon whip of venom (weapon)
 w - a +0 heavy flail
 C - a +3 trident
 H - the +1 mace of Frustration {flame, rElec rF+ rC-}
   (You found it on level 10 of the Dungeon)

   rF+:       It protects you from fire.
   rC-:       It makes you vulnerable to cold.
   rElec:     It insulates you from electricity.
 I - a +0 morningstar of flaming
 T - a +1 morningstar of pain
Missiles
 s - 3 throwing nets (quivered)
 Q - a poisoned dart
Armour
 c - a +0 buckler (worn)
 k - a +1 pair of boots (worn)
 r - a +3 chain mail (worn)
 u - a +1 cloak
 B - a +0 cloak of willpower (worn)
 J - a +2 pair of gloves (worn)
Magical Staves
 O - a staff of cold
 P - a staff of air
Jewellery
 h - a ring of protection from fire
 l - a +6 ring of intelligence
 m - a ring of positive energy
 t - a +4 ring of protection (left hand)
 z - a ring of flight
 E - a ring of resist corrosion
 G - a ring of see invisible (right hand)
 R - a ring of willpower
Wands
 j - a wand of charming (2)
 S - a wand of mindburst (9)
Scrolls
 q - a scroll of poison
 v - 7 scrolls of teleportation
 y - a scroll of brand weapon
 K - a scroll of vulnerability
 L - 3 scrolls of identify {@r1}
 M - 2 scrolls of blinking
 N - a scroll of fog
Potions
 d - 3 potions of attraction {unknown}
 e - 6 potions of curing {unknown}
 f - 2 potions of mutation {unknown}
 g - 3 potions of lignification
 i - a potion of might
 n - 3 potions of haste {unknown}
 o - 2 potions of brilliance {unknown}
 p - a potion of cancellation {unknown}
 x - 2 potions of enlightenment {unknown}
 A - a potion of magic {unknown}
 D - a potion of heal wounds
 F - 3 potions of resistance {unknown}


   Skills:
 - Level 10.2 Fighting
 - Level 15.1(16.0) Axes
 - Level 8.7(13.0) Maces & Flails
 - Level 9.1 Armour
 - Level 3.2 Shields
 + Level 4.9 Hexes


You had 9 spell levels left.
You knew the following spells:

 Your Spells              Type           Power      Damage    Failure   Level
a - Slow                  Hex            28%        N/A       10%         1

Your spell library contained the following spells:

 Spells                   Type           Power      Damage    Failure   Level
 Confusing Touch          Hex            7%         N/A       30%         3
 Necrotise                Necr           0%         1d4       58%         1
 Vampiric Draining        Necr           0%         2d6       92%         3
 Martyr's Knell           Necr/Summ      0%         N/A       100%        4
 Curse of Agony           Necr           0%         N/A       100%        5
 Sculpt Simulacrum        Ice/Alch       0%         N/A       100%        6
 Ozocubu's Refrigeration  Ice            0%         4d7       100%        7
 Polar Vortex             Ice            0%         N/A       100%        9


Dungeon Overview and Level Annotations

Branches:
Dungeon (10/15)            Temple (0/1) D:6            Lair (2/5) D:8
  Swamp: Lair:2-3    Shoals: Lair:2-3     Snake: Lair:2-3    Spider: Lair:2-3
    Orc: D:9-12

Altars:
Ashenzari
Gozag
Hepliaklqana
Okawaru
Qazlal
Zin


Innate Abilities, Weirdness & Mutations

Your spellcasting is much less encumbered by armour.
You can use scrolls of enchantment on lesser artefacts.


Message History

You whack the eight-headed hydra!
The eight-headed hydra is almost dead.
The cane toad stings you!
* * * LOW HITPOINT WARNING * * *
You are lethally poisoned!
The cane toad poisons you!
You barely miss the eight-headed hydra.
The eight-headed hydra is almost dead.
* * * LOW HITPOINT WARNING * * *
You feel sick. The eight-headed hydra bites you.
* * * LOW HITPOINT WARNING * * *
The eight-headed hydra bites you but does no damage.
The eight-headed hydra bites you.
* * * LOW HITPOINT WARNING * * *
The eight-headed hydra bites you but does no damage. x5
You barely miss the eight-headed hydra.
The eight-headed hydra is almost dead.
* * * LOW HITPOINT WARNING * * *
You feel sick.
You hit the eight-headed hydra.
You kill the eight-headed hydra!
* * * LOW HITPOINT WARNING * * *
You feel sick.
The cane toad stings you but does no damage.
You closely miss the cane toad.
* * * LOW HITPOINT WARNING * * *
You feel sick.
You barely miss the cane toad.
* * * LOW HITPOINT WARNING * * *
You feel sick.
The cane toad stings you but does no damage.
You barely miss the cane toad.
* * * LOW HITPOINT WARNING * * *
You feel sick.
You whack the cane toad!
The cane toad is moderately wounded.
* * * LOW HITPOINT WARNING * * *
You feel sick. The cane toad stings you!
You die...
Your body crumbles into a pile of gold.

#....###....#
#...##.....#
#...+......#
#....#.....#
#...P##....#
#...##......#
###'###.......
#..##....#.+P
#F@##....#P.
........$....<>
...Y...........
...............
##.####.###....
## #.# .... ...
... ... ..


You could see a yak and a cane toad.

Vanquished Creatures
  A hydra (Lair:2)
  3 two-headed ogres
  Amaemon (D:9)
  Maurice (D:9)
  An elephant (D:8)
  Maggie (Lair:1)
  An orange demon (D:9)
  A cane toad (Lair:1)
  A kobold demonologist (D:10)
  2 hornets
  A troll (D:10)
  Grinder (D:4)
  4 blink frogs (Lair:1)
  Prince Ribbit (D:5)
  A wyvern (Lair:1)
  2 wraiths
  A basilisk (D:8)
  18 yaks
  Edmund (D:6)
  2 water moccasins (Lair:1)
  2 black bears
  2 ice beasts (D:5)
  3 sky beasts
  2 ogres
  2 orc warriors
  4 centaurs
  3 bullfrogs
  3 scorpions
  2 gnoll sergeants
  10 wights (D:8)
  5 killer bees (D:9)
  7 howler monkeys
  3 gnoll boudas
  A jelly (D:5)
  3 orc priests
  4 hounds
  5 sleepcaps
  4 iguanas
  9 orc wizards
  Natasha (thrice) (D:2)
  24 gnolls
  5 adders
  2 shadow imps
  A white imp (D:6)
  3 ufetubi
  4 dart slugs
  2 ribbon worms (D:3)
  41 orcs
  7 ball pythons
  6 bats
  6 endoplasms
  A giant cockroach (D:2)
  9 goblins
  5 hobgoblins
  17 jackals
  5 quokkas
  A frilled lizard (D:1)
  10 kobolds
  7 rats
  A spectral goblin (D:8)
279 creatures vanquished.

Vanquished Creatures (collateral kills)
  A basilisk (Lair:1)
1 creature vanquished.

Vanquished Creatures (others)
  A cane toad (Lair:1)
1 creature vanquished.

Grand Total: 281 creatures vanquished

Notes
Turn   | Place    | Note
-------+----------+-------------------------------------------
     0 | D:1      | dolemite99 the Mountain Dwarf Fighter began the quest for
                  | the Orb.
     0 | D:1      | Reached XP level 1. HP: 19/19 MP: 1/1
   133 | D:1      | Reached skill level 3 in Axes
   615 | D:1      | Reached XP level 2. HP: 26/26 MP: 2/2
  1031 | D:1      | Reached skill level 4 in Axes
  1335 | D:2      | Reached XP level 3. HP: 19/31 MP: 3/3
  1919 | D:2      | Noticed Natasha
  1927 | D:2      | Killed Natasha
  1928 | D:2      | Reached skill level 5 in Axes
  1928 | D:2      | Reached XP level 4. HP: 19/38 MP: 4/4
  2101 | D:2      | Noticed Natasha
  2118 | D:2      | Killed Natasha
  2119 | D:2      | Reached skill level 6 in Axes
  2367 | D:2      | Noticed Natasha
  2379 | D:2      | Killed Natasha
  2380 | D:2      | Reached XP level 5. HP: 36/45 MP: 5/5
  2760 | D:3      | Found an opulent altar of Gozag.
  2794 | D:3      | Became a worshipper of Gozag Ym Sagoz the Greedy
  3475 | D:4      | Noticed a black bear
  3484 | D:4      | Killed a black bear
  3485 | D:4      | Reached skill level 7 in Axes
  3485 | D:4      | Reached XP level 6. HP: 40/51 MP: 6/6
  3897 | D:4      | Noticed Grinder
  3899 | D:4      | Paralysed by Grinder for 5 turns
  4606 | D:3      | Reached skill level 8 in Axes
  5242 | D:4      | Noticed a sky beast
  5265 | D:4      | Killed a sky beast
  5305 | D:4      | Killed Grinder
  5306 | D:4      | Reached skill level 9 in Axes
  5306 | D:4      | Reached XP level 7. HP: 27/57 MP: 7/7
  5805 | D:4      | Reached skill level 10 in Axes
  6453 | D:4      | Found a broken altar of Ashenzari.
  6623 | D:5      | Entered Level 5 of the Dungeon
  6634 | D:5      | Reached skill level 11 in Axes
  6760 | D:5      | Reached XP level 8. HP: 51/63 MP: 8/8
  7051 | D:5      | Reached skill level 12 in Axes
  8054 | D:5      | Noticed Prince Ribbit
  8075 | D:5      | Killed Prince Ribbit
  8385 | D:5      | Reached skill level 13 in Axes
  9405 | D:6      | Found a staircase to the Ecumenical Temple.
  9474 | D:6      | Reached XP level 9. HP: 52/70 MP: 9/9
  9475 | D:6      | Reached skill level 14 in Axes
  9809 | D:6      | Found a stormy altar of Qazlal.
 10189 | D:6      | Noticed Edmund
 10202 | D:6      | Killed Edmund
 10922 | D:7      | Reached skill level 5 in Armour
 11043 | D:7      | Paralysed by a hornet for 2 turns
 12174 | D:8      | Reached skill level 5 in Fighting
 13101 | D:8      | Noticed an elephant
 13133 | D:8      | Killed an elephant
 13360 | D:8      | Identified the +5 war axe "Jaess" {freeze, rC+ rN+ Int+2}
 13381 | D:8      | Reached XP level 10. HP: 77/86 MP: 10/10
 13497 | D:8      | Noticed a two-headed ogre
 13508 | D:8      | Killed a two-headed ogre
 13520 | D:8      | Found a hazy altar of Hepliaklqana.
 13986 | D:8      | Found a staircase to the Lair.
 14512 | D:9      | Noticed Maurice
 14545 | D:9      | Something stole a ring of flight
 14559 | D:9      | Killed Maurice
 14906 | D:9      | Noticed a two-headed ogre
 14930 | D:9      | Killed a two-headed ogre
 15410 | D:9      | Noticed Amaemon
 15410 | D:9      | Noticed an orange demon
 15707 | D:9      | Reached skill level 10 in Fighting
 15736 | D:9      | Reached XP level 11. HP: 89/99 MP: 11/11
 15818 | D:9      | Reached skill level 15 in Axes
 16235 | D:9      | Killed Amaemon
 17115 | D:10     | Entered Level 10 of the Dungeon
 17127 | D:10     | Reached skill level 1 in Maces & Flails
 17182 | D:10     | Noticed a sixfirhy
 17551 | D:10     | Identified the +1 mace of Frustration {flame, rElec rF+
                  | rC-}
 17819 | D:10     | Noticed a two-headed ogre
 17847 | D:10     | Killed a two-headed ogre
 17848 | D:10     | Reached skill level 5 in Maces & Flails
 18224 | D:10     | Found a glowing silver altar of Zin.
 18244 | D:10     | Found an iron altar of Okawaru.
 18461 | Lair:1   | Entered Level 1 of the Lair of Beasts
 18742 | Lair:1   | Learned a level 1 spell: Slow
 18964 | Lair:1   | Noticed Maggie
 18978 | Lair:1   | Killed Maggie
 18979 | Lair:1   | Reached skill level 1 in Hexes
 19201 | Lair:1   | Paralysed by a hornet for 1 turns
 19705 | Lair:2   | Noticed an eight-headed hydra
 19721 | Lair:2   | HP: 7/150 [eight-headed hydra (4)]
 19723 | Lair:2   | Killed an eight-headed hydra
 19725 | Lair:2   | HP: 3/150 [poisoned by a cane toad]
 19727 | Lair:2   | HP: 1/150 [poisoned by a cane toad]
 19727 | Lair:2   | Mangled by a cane toad

Illustrated notes

Levels and vault maps discovered:
D:1:      onia_arrival_pyramid, layout_basic
D:2:      layout_loops_ring, uniq_natasha
D:3:      layout_loops_ring, grunt_gozag_statues
D:4:      layout_basic, nicolae_overflow_hidden_temple, uniq_grinder
D:5:      lemuel_castle_with_subvaults [lemuel_castle_interior_carwin_1],
          layout_loops_ring, minmay_starry_boxes, uniq_prince_ribbit1
D:6:      layout_layer_cave, nicolae_qazlal_general_emergency, temple_statues,
          uniq_edmund
D:7:      layout_cave_pods, grunt_ministairs_5, minivault_1
D:8:      layout_basic, nicolae_hepliaklqana_monster_ancestors,
          david_lair_generic
D:9:      layout_roguey, uniq_maurice, uniq_amaemon
D:10:     layout_cave_pools, okawaru_gym_becter, lemuel_coloured_pillars_altar
Lair:1:   layout_cave_pods, lemuel_fruit_fields, grunt_megastairs_5,
          lemuel_fruit_fields, lemuel_fruit_fields, lemuel_fruit_fields,
          uniq_maggie
Lair:2:   layout_regular_city, swamp_mist_pool,
          nicolae_spider_entry_tight_spaces, chequers_serial_rivers_micro_b,
          infiniplex_staircase_pool_2

Skill      XL: |  1  2  3  4  5  6  7  8  9 10 11 |
---------------+----------------------------------+-----
Axes           | 3 4 5 6 7 9 11 13 14 15 | 15.1
Armour         | 6 8 9 |  9.1
Fighting       | 7 10 | 10.2
Maces & Flails | 8 |  8.7
Hexes          | 4 |  4.9
Shields        | |  3.2

Action                     |  1- 3 |  4- 6 |  7- 9 | 10-12 || total
---------------------------+-------+-------+-------+-------++-------
  Melee: War axe           |   131 |   161 |   352 |   240 ||   884
         Whip              |       |       |    23 |       ||    23
         Demon whip        |       |       |       |   185 ||   185
  Throw: Throwing net      |       |       |       |     1 ||     1
         Dart              |       |       |       |     7 ||     7
 Invoke: Potion Petition   |       |       |     1 |     1 ||     2
  Evoke: Wand              |       |       |    30 |     8 ||    38
    Use: Potion            |     1 |       |     5 |     4 ||    10
         Scroll            |       |     3 |     8 |     9 ||    20
   Stab: Distracted        |       |       |       |     1 ||     1
 Armour: Scale mail        |   161 |   126 |       |       ||   287
         Chain mail        |       |    45 |   364 |   375 ||   784
  Dodge: Dodged            |    80 |    61 |   141 |   128 ||   410
  Block: Buckler           |    36 |    39 |    78 |    63 ||   216

Table legend: (Time is in decaauts)
 A = Elapsed time spent in this place.
 B = Non-inter-level travel time spent in this place.
 C = Inter-level travel time spent in this place.
 D = Time resting spent in this place.
 E = Time spent auto-exploring this place.
 F = Levels seen in this place.
 G = Mean time per level.
                   A        B        C        D        E       F      G
               +--------+--------+--------+--------+--------+-----+--------+
         Total |  19662 |  19058 |    604 |   9893 |   6116 |  12 | 1638.5 |
       Dungeon |  18449 |  17885 |    564 |   9693 |   5323 |  10 | 1844.9 |
          Lair |   1212 |   1172 |     40 |    200 |    793 |   2 |  606.0 |
               +--------+--------+--------+--------+--------+-----+--------+

Top non-repeatable levels by time:
     D:5: 2754 daAuts
     D:9: 2587 daAuts
     D:8: 2422 daAuts
     D:3: 2352 daAuts
     D:4: 1648 daAuts
     D:6: 1513 daAuts
     D:2: 1357 daAuts
     D:1: 1350 daAuts
    D:10: 1304 daAuts
  Lair:1: 1185 daAuts
     D:7: 1157 daAuts
  Lair:2: 27 daAuts
